AoeStats
← E-d-d-i-e91G

Nomad

509243255Analyzed
2v2 RM · 8d ago on Sep 26, 2026· 51m 34s· 4 players
Game mode
Random Map
Map size
176×176
Population
200
Speed
Normal
Resources
Standard
Victory
Conquest
Starting age
Dark Age
Ending age
Imperial Age
RankedLock teamsTeams togetherTeam positionsShared explorationLock speedFull tech treeHidden civsTurbo modeCheats
Victory
Defeat
🇦🇺 Goths · Australia
392
+19
🇦🇺 Wu · Australia
370
+20
🇺🇸 Vietnamese · United States
477
-20
🇲🇽 Spanish · Mexico
443
-19
aplahike
7:34 Loom
15:42 Feudal Age
17:02 Wheelbarrow
16:15 Double-Bit Axe
16:39 Horse Collar
17:52 Town Watch
20:35 Fishing Lines
23:34 Bloodlines
26:19 Castle Age
28:25 Scale Barding Armor
29:30 Chain Barding Armor
29:50 Fletching
30:50 Forging
31:25 Husbandry
31:22 Bodkin Arrow
34:17 Iron Casting
36:46 Hand Cart
36:55 Murder Holes
MeantOrca552267
4:08 Loom
17:45 Feudal Age
19:10 Wheelbarrow
20:11 Double-Bit Axe
23:46 Town Watch
24:54 Horse Collar
25:11 Gold Mining
25:15 Stone Mining
29:57 Castle Age
28:06 Fletching
29:00 Bloodlines
29:15 Fishing Lines
30:12 Padded Archer Armor
30:24 Forging
30:14 Crossbowman
31:49 Bow Saw
33:11 Iron Casting
34:11 Scale Barding Armor
34:09 Scale Mail Armor
34:35 Hand Cart
36:25 Heavy Plow
36:45 Husbandry
38:08 Town Patrol
42:21 Imperial Age
39:55 Murder Holes
39:52 Guard Tower
40:21 Chain Mail Armor
40:28 Chain Barding Armor
40:24 Leather Archer Armor
40:05 Bodkin Arrow
39:41 Light Cavalry
40:27 Squires
39:53 Elite Skirmisher
42:20 Chatras
42:46 Elite Battle Elephant
44:25 Bracer
45:05 Thumb Ring
45:54 Ring Archer Armor
46:38 Pikeman
46:50 Arbalester
48:55 Two-Man Saw
48:55 Arson
48:37 Imperial Skirmisher
48:57 Cavalier
51:31 Crop Rotation
51:38 Plate Mail Armor
51:21 Man-at-Arms
E-d-d-i-e91G
17:51 Feudal Age
19:09 Wheelbarrow
18:21 Town Watch
18:42 Double-Bit Axe
18:47 Horse Collar
19:10 Fishing Lines
21:33 Loom
26:57 Castle Age
25:53 Man-at-Arms
28:20 Squires
29:02 Gillnets
29:54 Stone Mining
29:56 Gold Mining
30:04 Fletching
30:18 Scale Mail Armor
29:51 Long Swordsman
30:21 Arson
30:18 Pikeman
32:48 Caravan
33:06 Medium Warships
33:19 Hand Cart
38:28 Imperial Age
47:50 Sitting Tiger
48:33 Two-Handed Swordsman
50:39 Heavy Warships
IAMASTROMAN9714
13:40 Feudal Age
14:06 Double-Bit Axe
14:19 Horse Collar
16:09 Fishing Lines
16:48 Man-at-Arms
19:29 Wheelbarrow
23:29 Forging
23:19 Scale Mail Armor
23:59 Scale Barding Armor
26:57 Castle Age
29:08 Bloodlines
30:59 Iron Casting
30:39 Chain Mail Armor
30:59 Iron Casting
30:39 Chain Mail Armor
30:54 Husbandry
30:38 Long Swordsman
32:28 Pikeman
35:42 Squires
49:10 Chain Mail Armor
49:16 Chain Barding Armor
Connection lost

Rejoining the realm…

Still unreachable

The connection could not be restored.

Session expired

The server has moved on; the page needs a fresh start.